Map: [ESL] Inside and Out

Players

Krystianer

  • Race: Protoss Protoss
  • Spawn Location: 1:00

PtitDrogo - Winner!

  • Race: Protoss Protoss
  • Spawn Location: 7:00

Event: DreamHack SC2 Masters 2022 Valencia

VOD

Have the link to the VOD?

Description

Time

  • Played on: July 1, 2022, 10:12 a.m.
  • Length: 11:53

All games in this series

Show
View Real Time Build Order
Export as new Build Order

Krystianer Protoss 

Build Orders:  

Get SALT Encoding   

  12  0:00  Probe  
  13  0:12  Probe  
  14  0:18  Pylon  
  14  0:24  Probe (Chrono Boost)  
  15  0:36  Probe (Chrono Boost)  
  15  0:39  Gateway  
  16  0:44  Probe (Chrono Boost)  
  16  0:46  Assimilator  
  17  0:51  Probe  
  18  1:03  Probe (Chrono Boost)  
  19  1:04  Assimilator  
  19  1:06  Pylon  
  19  1:12  Probe (Chrono Boost)  
  19  1:17  Probe (Chrono Boost)  
  21  1:25  Cybernetics Core  
  21  1:29  Probe  
  21  1:32  Zealot  
  24  1:41  Probe  
  25  1:53  Probe  
  26  2:02  Stalker  
  28  2:10  Stargate  
  27  2:25  Nexus  
  28  2:30  Warp Gate  
  28  2:32  Stalker (Chrono Boost)  
  29  2:38  Probe  
  30  2:44  Pylon  
  30  3:00  Probe  
  34  3:08  Shield Battery  
  34  3:15  Probe  
  35  3:20  Gateway  
  35  3:28  Probe (Chrono Boost)  
  35  3:33  Twilight Council  
  33  3:37  Probe (Chrono Boost)  
  35  3:45  Probe (Chrono Boost)  
  35  3:46  Probe (Chrono Boost)  
  35  3:48  Gateway  
  36  3:49  Stalker  
  36  3:52  Probe x2 (Chrono Boost)  
  38  4:03  Probe  
  38  4:04  Probe, Blink (Chrono Boost)  
  38  4:16  Probe x2  
  40  4:19  Stalker  
  42  4:27  Stalker  
  44  4:32  Probe  
  44  4:36  Probe  
  45  4:42  Stalker x2  
  47  4:50  Nexus, Stalker  
  48  4:53  Pylon  
  48  4:54  Probe  
  48  4:57  Probe  
  50  5:09  Stalker x2  
  50  5:11  Probe  
  56  5:14  Stalker  
  56  5:16  Probe  
  58  5:23  Robotics Facility  
  60  5:32  Stalker  
  60  5:33  Stalker  
  61  5:36  Probe  
  62  5:43  Probe  
  62  5:48  Probe  
  62  5:53  Forge  
  62  6:02  Shield Battery  
  62  6:03  Probe (Chrono Boost)  
  65  6:05  Stalker x3  
  65  6:07  Probe x2 (Chrono Boost)  
  72  6:12  Probe (Chrono Boost)  
  72  6:15  Probe x2 (Chrono Boost)  
  72  6:16  Assimilator  
  72  6:17  Probe (Chrono Boost)  
  74  6:19  Pylon  
  73  6:26  Probe x2  
  73  6:28  Pylon  
  73  6:30  Observer (Chrono Boost)  
  73  6:31  Probe  
  75  6:38  Probe x2  
  76  6:43  Probe  
  75  6:50  Probe (Chrono Boost)  
  75  6:51  Photon Cannon, Probe (Chrono Boost)  
  77  6:57  Photon Cannon  
  77  6:58  Probe (Chrono Boost)  
  78  7:02  Probe (Chrono Boost)  
  78  7:07  Stalker  
  78  7:08  Probe (Chrono Boost)  
  81  7:10  Probe (Chrono Boost)  
  81  7:11  Probe (Chrono Boost)  
  81  7:14  Probe (Chrono Boost)  
  83  7:16  Probe  
  83  7:18  Gateway  
  83  7:19  Probe  
  83  7:20  Pylon  
  85  7:23  Pylon  
  85  7:25  Gateway  
  85  7:26  Pylon  
  85  7:38  Probe  
  85  7:42  Protoss Ground Weapons Level 1 (Chrono Boost)  
  85  7:43  Stalker x3  
  88  7:49  Pylon  
  85  7:51  Probe  
  85  7:54  Gateway  
  85  7:55  Gateway  
  68  7:58  Charge (Chrono Boost)  
  85  8:03  Probe  
  86  8:07  Nexus  
  86  8:08  Pylon  
  86  8:09  Probe x2  
  88  8:15  Templar Archives  
  88  8:16  Probe  
  89  8:21  Adept x2, Probe  
  89  8:25  Stalker  
  94  8:30  Probe x2  
  96  8:34  Probe  
  96  8:35  Gateway  
  96  8:37  Observer, Gateway  
  96  8:38  Assimilator, Zealot  
  99  8:46  Warp Prism, Zealot x2  
  105  8:51  Photon Cannon  
  105  8:53  Probe  
  104  8:58  Probe  
  104  9:01  Probe  
  106  9:05  Probe  
  102  9:10  Probe  
  102  9:13  Probe  
  102  9:14  High Templar x2  
  102  9:15  Zealot x4  
  114  9:17  Pylon  
  114  9:18  Probe  
  114  9:22  Photon Cannon, Probe  
  114  9:23  Archon  
  117  9:32  Gateway, Zealot  
  117  9:33  Gateway  
  117  9:37  Photon Cannon  
  118  9:39  High Templar x2  
  118  9:40  Zealot x3  
  118  9:44  Archon  
  128  9:48  Photon Cannon  
  128  9:49  Shield Battery, Zealot  
  128  9:50  Pylon  
  128  9:51  Zealot  
  132  9:58  Zealot  
  134  10:01  Pylon x2  
  128  10:08  Zealot x3  
  128  10:09  Probe, Zealot  
  128  10:13  Zealot  
  119  10:15  Zealot x2  
  119  10:16  Probe  
  119  10:18  Probe  
  119  10:21  Shield Battery  
  89  10:30  Zealot x6  
  89  10:31  Zealot  
  97  10:40  High Templar x2  
  97  10:41  Zealot  
  94  10:44  Archon  
  88  10:50  Zealot x5  
  88  10:51  Zealot x2  
  88  10:55  Probe  
  95  11:12  High Templar x2  
  95  11:13  Zealot x6  
  95  11:15  Zealot  
  95  11:17  Archon  
  113  11:26  Pylon  
  113  11:30  Nexus  
  112  11:41  Dark Shrine  
  112  11:45  Zealot x3  
  115  11:49  Zealot x3  
  115  11:52  Zealot  
Show
View Real Time Build Order
Export as new Build Order

PtitDrogo Protoss - Winner!

Build Orders: Phoenix Opening 

Get SALT Encoding   

  12  0:00  Probe  
  13  0:12  Probe  
  14  0:18  Pylon  
  14  0:24  Probe (Chrono Boost)  
  15  0:36  Probe (Chrono Boost)  
  15  0:38  Gateway  
  16  0:45  Probe (Chrono Boost)  
  16  0:46  Assimilator  
  17  0:51  Probe  
  18  0:57  Assimilator  
  18  1:03  Probe (Chrono Boost)  
  19  1:06  Pylon  
  19  1:14  Probe (Chrono Boost)  
  20  1:19  Probe (Chrono Boost)  
  21  1:26  Cybernetics Core  
  21  1:29  Probe  
  22  1:33  Zealot  
  24  1:41  Probe  
  25  1:49  Pylon  
  25  1:53  Probe  
  26  2:02  Stargate  
  26  2:05  Stalker  
  28  2:15  Pylon  
  28  2:18  Probe  
  29  2:30  Probe  
  30  2:40  Nexus  
  29  2:48  Phoenix (Chrono Boost)  
  31  2:52  Probe  
  32  3:04  Probe  
  33  3:09  Phoenix (Chrono Boost)  
  35  3:16  Warp Gate  
  33  3:20  Gateway  
  33  3:22  Shield Battery  
  35  3:36  Pylon  
  35  3:44  Pylon  
  35  3:50  Phoenix (Chrono Boost)  
  35  3:52  Probe  
  36  3:58  Pylon, Probe  
  37  4:04  Probe  
  38  4:10  Probe (Chrono Boost), Shield Battery  
  38  4:13  Phoenix (Chrono Boost)  
  42  4:18  Twilight Council  
  42  4:20  Probe (Chrono Boost)  
  42  4:22  Probe (Chrono Boost)  
  43  4:30  Probe (Chrono Boost)  
  45  4:31  Probe (Chrono Boost)  
  45  4:37  Probe  
  46  4:40  Probe, Oracle  
  46  4:42  Stalker  
  52  4:49  Probe  
  52  4:51  Gateway  
  52  4:52  Probe  
  54  4:53  Gateway  
  54  4:58  Dark Shrine  
  54  5:04  Probe  
  54  5:05  Probe  
  56  5:07  Assimilator  
  56  5:12  Shield Battery  
  56  5:16  Probe  
  56  5:17  Pylon  
  56  5:19  Assimilator  
  57  5:21  Stalker  
  57  5:25  Probe  
  57  5:27  Blink (Chrono Boost)  
  60  5:29  Gateway  
  60  5:45  Probe x2  
  62  5:52  Zealot  
  62  6:02  Probe  
  62  6:03  Nexus  
  63  6:06  Pylon  
  63  6:12  Dark Templar x2  
  63  6:14  Dark Templar  
  69  6:20  Probe  
  70  6:38  Probe x2  
  67  6:50  Stalker x3, Probe x2  
  75  6:54  Shield Battery x2  
  75  6:59  Pylon  
  75  7:02  Probe x2  
  75  7:07  Pylon  
  77  7:11  Charge (Chrono Boost)  
  77  7:13  Forge  
  77  7:15  Stalker x2, Probe (Chrono Boost)  
  78  7:16  Stalker  
  78  7:17  Probe x2 (Chrono Boost)  
  86  7:23  Shield Battery  
  86  7:24  Shield Battery  
  86  7:25  Probe (Chrono Boost)  
  86  7:26  Probe (Chrono Boost)  
  86  7:29  Stalker  
  82  7:39  Probe  
  82  7:42  Stalker x3  
  83  7:45  Protoss Ground Weapons Level 1 (Chrono Boost)  
  83  7:47  Probe  
  83  7:49  Probe  
  84  7:51  Probe  
  84  7:52  Stalker  
  84  7:54  Gateway  
  84  7:55  Gateway  
  86  7:59  Assimilator  
  86  8:00  Assimilator  
  86  8:06  Templar Archives  
  86  8:09  Stalker x2  
  90  8:24  Dark Templar  
  92  8:27  Gateway x2  
  92  8:29  Gateway  
  92  8:32  Gateway, Zealot x2  
  96  8:35  Zealot  
  98  8:42  Pylon x2  
  98  8:50  High Templar x2  
  102  8:57  Archon, High Templar x2  
  102  8:58  Zealot  
  108  9:07  Archon  
  104  9:23  High Templar  
  104  9:24  High Templar x3, Zealot x2  
  106  9:25  Zealot  
  106  9:26  Pylon  
  106  9:30  Pylon, Archon  
  106  9:31  Archon  
  116  9:33  Pylon  
  116  9:35  Protoss Ground Weapons Level 2 (Chrono Boost)  
  116  9:37  Zealot x3  
  122  9:39  Pylon  
  122  9:44  Gateway  
  122  9:46  Zealot x3  
  128  9:59  Zealot x7  
  142  10:10  Stalker x3  
  114  10:22  Zealot x5  
  116  10:32  Zealot x2  
  116  10:35  Probe  
  119  10:40  High Templar x4  
  127  10:44  Archon x2  
  127  10:45  High Templar x2, Zealot x3  
  127  10:49  Archon  
  130  11:06  High Templar x2, Zealot x3  
  130  11:10  Archon  
  136  11:12  Dark Templar  
  136  11:16  Nexus  
  138  11:26  High Templar x2, Zealot x3  
  138  11:30  Archon  
  138  11:32  Photon Cannon  
  142  11:33  Photon Cannon  
  142  11:43  Stalker x3  

Tags
 
Add a new tag
Caveats
  • Supply blocks, unpowered buildings, or Contaminate may cause inaccurate times.
  • Supply counts are checked every 10 seconds.